AoeStats
← Pedro II

Arena

509565192Analyzed
4v4 RM · 4d ago on Sep 27, 2026· 49m 9s· 8 players
Game mode
Random Map
Map size
Large (8 player)
Population
200
Speed
Normal
Resources
Standard
Victory
Conquest
Starting age
Dark Age
Ending age
Imperial Age
RankedLock teamsTeams togetherTeam positionsShared explorationLock speedFull tech treeHidden civsTurbo modeCheats
Victory
Defeat
🇨🇿 Bohemians · Czechia
826
+14
🇺🇸 Lithuanians · United States
788
+15
🇦🇺 Gurjaras · Australia
741
+17
🇵🇪 Slavs · Peru
701
+20
🇬🇧 Danes · United Kingdom
801
-18
🇨🇳 Chinese · China
778
-17
🇮🇹 Persians · Italy
764
-16
🇹🇼 Koreans · Taiwan
740
-15
Benthebrit20
12:33 Feudal Age
15:17 Horse Collar
15:26 Double-Bit Axe
21:19 Castle Age
29:53 Gold Mining
33:42 Imperial Age
31:52 Wheelbarrow
33:52 Bow Saw
35:43 Conscription
34:47 Onager
36:05 Siege Engineers
36:41 Siege Onager
烏鴉
2:33 Loom
11:30 Feudal Age
12:37 Town Watch
13:26 Fletching
19:02 Scale Mail Armor
24:41 Castle Age
24:36 Wheelbarrow
25:48 Bodkin Arrow
27:10 Murder Holes
26:55 Treadmill Crane
29:00 Chain Mail Armor
29:50 Double-Bit Axe
31:10 Stone Mining
31:12 Gold Mining
31:29 Town Patrol
32:35 Bow Saw
39:15 Imperial Age
38:23 Ballistics
38:40 Forging
39:27 Hand Cart
40:18 Stone Shaft Mining
40:33 Gold Shaft Mining
40:59 Plate Mail Armor
40:34 Pikeman
41:38 Bracer
41:35 Horse Collar
42:01 Eupseong
42:40 Conscription
43:42 Halberdier
47:32 Light Cavalry
48:13 Husbandry
gysrj777098
10:55 Loom
18:49 Feudal Age
19:47 Horse Collar
19:57 Double-Bit Axe
20:17 Town Watch
21:07 Wheelbarrow
24:34 Bloodlines
23:49 Man-at-Arms
24:14 Arson
24:55 Gold Mining
24:57 Stone Mining
27:18 Castle Age
30:19 Heavy Plow
30:59 Gold Shaft Mining
30:59 Stone Shaft Mining
30:40 Bow Saw
31:32 Squires
30:53 Pikeman
30:54 Long Swordsman
31:08 Crossbowman
31:52 Husbandry
31:13 Light Cavalry
33:34 Town Patrol
33:52 Hand Cart
38:34 Imperial Age
35:34 Elite Skirmisher
37:33 Hand Cart
37:19 Town Patrol
41:21 Halberdier
41:22 Two-Handed Swordsman
41:23 Elite Fire Lancer
42:17 Thumb Ring
43:24 Two-Man Saw
42:22 Cavalier
46:08 Arbalester
alexgiaco98
11:23 Feudal Age
13:25 Double-Bit Axe
13:22 Horse Collar
14:05 Stone Mining
14:49 Gold Mining
23:00 Castle Age
22:52 Bloodlines
23:41 Heavy Plow
23:54 Bow Saw
24:21 Gold Shaft Mining
24:24 Stone Shaft Mining
24:40 Husbandry
37:08 Imperial Age
36:46 Elite War Elephant
37:48 Conscription
38:38 Two-Man Saw
38:19 Crop Rotation
38:26 Cavalier
41:48 Savar
T.S | Mo
2:03 Loom
14:55 Feudal Age
16:38 Double-Bit Axe
16:45 Gold Mining
16:46 Stone Mining
19:20 Forging
19:16 Scale Barding Armor
19:11 Scale Mail Armor
19:59 Horse Collar
25:50 Man-at-Arms
26:15 Arson
28:23 Scale Barding Armor
28:18 Scale Mail Armor
28:09 Fletching
30:57 Castle Age
30:48 Wheelbarrow
31:40 Heavy Plow
31:53 Bow Saw
31:45 Caravan
32:39 Husbandry
32:50 Bloodlines
34:16 Stone Shaft Mining
33:24 Pikeman
38:50 Imperial Age
38:56 Imperial Age
37:20 Iron Casting
37:11 Murder Holes
37:27 Masonry
38:06 Treadmill Crane
39:11 Chain Barding Armor
39:06 Chain Mail Armor
38:47 Bodkin Arrow
39:05 Cavalier
40:10 Conscription
42:27 Paladin
43:52 Fervor
50:06 Theocracy
49:27 Herbal Medicine
49:47 Block Printing
49:57 Illumination
Pedro II
1:58 Loom
11:42 Feudal Age
20:19 Castle Age
21:26 Fletching
22:25 Elite Skirmisher
30:48 Detinets
33:20 Fortified Wall
36:43 Imperial Age
35:20 Bodkin Arrow
35:27 Padded Archer Armor
37:06 Wheelbarrow
36:17 Town Watch
36:15 Horse Collar
36:26 Double-Bit Axe
36:34 Gold Mining
36:34 Stone Mining
37:11 Ballistics
36:47 Murder Holes
37:57 Conscription
38:53 Leather Archer Armor
38:43 Caravan
40:01 Hand Cart
40:29 Town Patrol
41:18 Masonry
42:09 Chemistry
42:04 Bow Saw
41:57 Heavy Plow
43:47 Gold Shaft Mining
44:10 Hoardings
44:55 Ring Archer Armor
Plechy
0:42 Loom
0:46 Loom
11:52 Feudal Age
12:52 Double-Bit Axe
18:23 Castle Age
18:12 Horse Collar
20:38 Fervor
24:27 Wheelbarrow
29:45 Imperial Age
27:41 Ballistics
29:22 Chemistry
28:54 Heavy Plow
31:14 Elite Hussite Wagon
34:00 Murder Holes
33:53 Houfnice
36:29 Hand Cart
43:39 Caravan
45:24 Bow Saw
45:46 Wagenburg Tactics
47:13 Two-Man Saw
Harambe
0:57 Loom
10:29 Feudal Age
12:16 Wheelbarrow
11:48 Double-Bit Axe
12:41 Horse Collar
18:26 Gold Mining
18:35 Stone Mining
21:02 Castle Age
21:09 Bloodlines
22:06 Husbandry
23:59 Heavy Plow
24:11 Bow Saw
28:34 Gold Shaft Mining
28:35 Stone Shaft Mining
32:18 Imperial Age
31:15 Caravan
32:00 Hand Cart
32:28 Forging
32:24 Scale Barding Armor
32:13 Fletching
32:52 Ballistics
32:38 Scale Mail Armor
36:01 Kshatriyas
38:20 Chemistry
37:33 Fortified Wall
37:29 Murder Holes
39:02 Crop Rotation
39:46 Conscription
39:56 Chain Mail Armor
40:16 Iron Casting
42:22 Plate Mail Armor
42:15 Elite Chakram Thrower
45:28 Chain Barding Armor
45:05 Bodkin Arrow
45:16 Heavy Camel Rider
47:00 Frontier Guards
48:44 Plate Barding Armor
Connection lost

Rejoining the realm…

Still unreachable

The connection could not be restored.

Session expired

The server has moved on; the page needs a fresh start.